 Dungeon Crawl Stone Soup version 0.30-a0-737-gf23d94013f (webtiles) character file.

Game seed: 11245020632707397978

45 avis the Grasshopper (level 3, -1/30 HPs)
             Began as a Demigod Warper on Feb 2, 2023.
             Killed from afar by Sigmund (6 damage)
             ... with a magic dart
             ... on level 2 of the Dungeon.
             The game lasted 00:05:43 (1112 turns).

avis the Grasshopper (Demigod Warper)               Turns: 1112, Time: 00:05:44

Health: -1/30      AC:  3    Str: 12    XL:     3   Next: 25%
Magic:  3/8        EV: 12    Int: 15    God:
Gold:   95         SH:  0    Dex: 17    Spells: 1/6 levels left

rFire   . . .      SeeInvis .    a - +0 falchion
rCold   . . .      Faith    .    (no shield)
rNeg    . . .      Spirit   .    e - +0 leather armour
rPois   .          Reflect  .    (no helmet)
rElec   .          Harm     .    (no cloak)
rCorr   .          Rampage  .    (no gloves)
Will    .....                    (no boots)
Stlth   +                        (no amulet)
HPRegen 0.25/turn                (no ring)
MPRegen 0.11/turn                (no ring)

@: very slightly contaminated
A: high MP 1, forlorn, divine attributes
a: no special abilities


You were on level 2 of the Dungeon.
You visited 1 branch of the dungeon, and saw 2 of its levels.

You collected 95 gold pieces.

Inventory:

Hand Weapons
 a - a +0 falchion (weapon)
 b - a +0 sling
Missiles
 d - 7 boomerangs of dispersal (quivered)
Armour
 e - a +0 leather armour (worn)
Scrolls
 c - 5 scrolls of blinking
 f - a scroll of teleportation {unknown}
 h - a scroll of silence {unknown}
 k - a scroll of enchant weapon {unknown}
Potions
 g - 2 potions of heal wounds {unknown}
 i - a potion of ambrosia {unknown}
 j - a potion of attraction {unknown}


   Skills:
 * Level 2.8 Fighting
 - Level 2.0 Long Blades
 - Level 1.0 Throwing
 - Level 1.0 Armour
 - Level 2.0 Dodging
 - Level 2.0 Spellcasting
 - Level 3.0 Translocations


You had one spell level left.
You knew the following spells:

 Your Spells              Type           Power      Damage    Failure   Level
b - Blink                 Tloc           20%        N/A       12%         2
e - Vhi's Electric Charg  Tloc/Air       12%        N/A       41%         3

Your spell library contained the following spells:

 Spells                   Type           Power      Damage    Failure   Level
 Lesser Beckoning         Tloc           20%        N/A       12%         2
 Teleport Other           Tloc           10%        N/A       24%         3
 Manifold Assault         Tloc           10%        N/A       63%         4


Dungeon Overview and Level Annotations

Branches:
Dungeon (2/15)

Annotations:
D:2 Sigmund


Innate Abilities, Weirdness & Mutations

You have an increased reservoir of magic. (+10% MP)
You shall have no god before yourself.
Your divine heritage dramatically boosts your attributes as you level up.


Message History

The sling bullet closely misses Sigmund.
Sigmund gestures at you while chanting. The magic dart hits you!
a - a +0 falchion (weapon)
Cast which spell? (? or * to list)
The spell is extremely dangerous to miscast (41% risk of failure)!
Continue anyway?
Charge where?
Press: ? - help, Dir - move target, f/p - Sigmund
Aim: Sigmund, wielding a +0 scythe and wearing a +0 robe (76% to hit)
You miscast Vhi's Electric Charge.
You are very lightly contaminated with residual magic.
Nothing appears to happen.
Casting: Vhi's Electric Charge (extremely dangerous; 41% risk of failure)
Confirm with . or Enter, or press ? or * to list all spells.
The spell is extremely dangerous to miscast (41% risk of failure)!
Continue anyway?
Charge where?
Press: ? - help, Dir - move target, f/p - Sigmund
Aim: Sigmund, wielding a +0 scythe and wearing a +0 robe (76% to hit)
You miscast Vhi's Electric Charge.
Nothing appears to happen.
Casting: Vhi's Electric Charge (extremely dangerous; 41% risk of failure)
Confirm with . or Enter, or press ? or * to list all spells.
You don't have enough magic to cast this spell.
Sigmund gestures wildly while chanting.
Sigmund flickers and vanishes!
Deactivating autopickup; reactivate with Ctrl-A.
You barely miss something. Something hits you but does no damage.
You closely miss something. Something hits you!
You hit something. Something barely misses you.
You miss something. Something hits you.
You miss something. You barely miss something.
You hear some strange, mumbled words.
A magic dart appears from out of thin air!
The magic dart hits you.
* * * LOW HITPOINT WARNING * * *
You hit something.
You hear some strange, mumbled words.
A magic dart appears from out of thin air!
The magic dart hits you.
You die...

.<.................
...####...###.....#
...# #...# #...(.#
...# #...# #.....#
...# #...# #.....#
...# #...# #.....#
...# #...# #.....#
...# ##### #.....#
#...@.#
#.....{....#
#.#........# #
#........#
####.....# #.....#
#.....# #.....#


There were no monsters in sight!

Vanquished Creatures
  An adder (D:2)
  A dart slug (D:1)
  4 endoplasms
  A giant cockroach (D:1)
  A goblin (D:1)
  3 hobgoblins
  6 jackals (D:1)
  2 quokkas (D:1)
  2 ball pythons (D:1)
  5 bats
  2 frilled lizards (D:1)
28 creatures vanquished.

Notes
Turn   | Place    | Note
-------+----------+-------------------------------------------
     0 | D:1      | avis the Demigod Warper began the quest for the Orb.
     0 | D:1      | Reached XP level 1. HP: 17/17 MP: 5/5
   186 | D:1      | Reached skill level 1 in Armour
   322 | D:1      | Reached XP level 2. HP: 24/24 MP: 7/7
   325 | D:1      | Learned a level 2 spell: Blink
   393 | D:1      | Reached skill level 3 in Translocations
   661 | D:1      | Reached skill level 1 in Throwing
   944 | D:2      | Reached XP level 3. HP: 26/30 MP: 8/8
   948 | D:2      | Learned a level 3 spell: Vhi's Electric Charge
  1099 | D:2      | Noticed Sigmund
  1112 | D:2      | Killed from afar by Sigmund

Illustrated notes

Levels and vault maps discovered:
D:1:      elethiomel_arrival_quiet, layout_loops_ring, hangedman_decor_push
D:2:      minmay_skewed_foursquare, layout_basic, minmay_crystal_water,
          hex_medium, uniq_sigmund, uniq_crazy_yiuf_cottage, uniq_natasha

Skill      XL: |  1  2 |
---------------+-------+-----
Fighting       | 2 |  2.8
Long Blades    | 2 |  2.0
Armour         | 1 |  1.0
Dodging        | 2 |  2.0
Spellcasting   | 2 |  2.0
Translocations | 3 |  3.0
Throwing       | 1 |  1.0

Action                     || total
---------------------------++-------
  Melee: Falchion          ||    55
   Fire: Sling             ||    53
 Armour: Leather armour    ||    33
  Dodge: Dodged            ||    59

Table legend: (Time is in decaauts)
 A = Elapsed time spent in this place.
 B = Non-inter-level travel time spent in this place.
 C = Inter-level travel time spent in this place.
 D = Time resting spent in this place.
 E = Time spent auto-exploring this place.
 F = Levels seen in this place.
 G = Mean time per level.
                   A        B        C        D        E       F      G
               +--------+--------+--------+--------+--------+-----+--------+
         Total |   1137 |   1018 |    119 |     88 |    633 |   2 |  568.5 |
       Dungeon |   1137 |   1018 |    119 |     88 |    633 |   2 |  568.5 |
               +--------+--------+--------+--------+--------+-----+--------+

Top non-repeatable levels by time:
     D:1: 1023 daAuts
     D:2: 114 daAuts
